Map: Alcyone LE

Players

SubN - Winner!

  • Race: Zerg Zerg
  • League: Diamond
  • Spawn Location: 1:00

Verve

  • Race: Zerg Zerg
  • League: Diamond
  • Spawn Location: 7:00

VOD

Have the link to the VOD?

Description

Time

  • Played on: Dec. 25, 2023, 3:25 a.m.
  • Length: 4:55
Show
View Real Time Build Order
Export as new Build Order

SubN Zerg - Winner!

Build Orders: Pool First 

Get SALT Encoding   

  12  0:00  Drone  
  13  0:12  Overlord  
  13  0:17  Drone  
  14  0:30  Drone x2  
  14  0:34  Drone  
  17  0:36  Extractor  
  16  0:45  Drone  
  17  0:51  Spawning Pool  
  17  0:57  Drone  
  17  1:06  Drone  
  18  1:20  Hatchery  
  17  1:26  Drone  
  17  1:31  Overlord  
  18  1:38  Metabolic Boost  
  18  1:49  Queen  
  20  1:56  Zergling x2  
  20  1:57  Zergling x2  
  22  2:01  Zergling x2  
  23  2:11  Zergling x2  
  26  2:31  Zergling x2  
  26  2:32  Queen  
  26  2:35  Pneumatized Carapace  
  26  2:37  Zergling x4  
  29  2:49  Drone x2  
  31  2:59  Drone x5  
  32  3:20  Zergling x8, Baneling Nest  
  35  3:30  Zergling x2  
  24  3:43  Zergling x10  
  27  3:54  Zergling x4  
  18  4:06  Baneling  
  18  4:07  Baneling x2  
  18  4:09  Zergling x4  
  18  4:11  Queen  
  16  4:21  Drone x2  
  18  4:27  Baneling  
Show
View Real Time Build Order
Export as new Build Order

Verve Zerg 

Build Orders: Hatch First 

Get SALT Encoding   

  12  0:08  Drone x2  
  12  0:12  Extractor  
  13  0:15  Drone  
  15  0:39  Hatchery  
  14  0:48  Extractor  
  13  0:56  Spawning Pool  
  12  1:00  Drone  
  13  1:07  Overlord  
  13  1:14  Drone  
  14  1:30  Drone x2  
  18  1:53  Zergling x4  
  20  1:55  Queen  
  20  1:57  Metabolic Boost  
  20  2:04  Zergling x2  
  20  2:07  Queen  
  23  2:12  Zergling x2  
  23  2:14  Zergling x2  
  25  2:20  Overlord  
  25  2:25  Zergling x2  
  26  2:30  Overlord  
  26  2:35  Zergling x2  
  26  2:36  Zergling x2  
  28  2:39  Zergling x2  
  29  2:48  Zergling x2  
  29  2:49  Zergling x2  
  29  2:50  Zergling x2  
  32  3:01  Zergling x4  
  34  3:10  Queen  
  34  3:15  Zergling x6  
  37  3:21  Zergling x4  
  39  3:40  Zergling x6  
  39  3:41  Zergling x6  
  40  3:53  Zergling x2  
  40  3:54  Zergling x2  
  39  4:02  Zergling x4  
  38  4:03  Zergling x4  
  39  4:15  Zergling x4  
Tags
 
Add a new tag
Caveats
  • Supply blocks, unpowered buildings, or Contaminate may cause inaccurate times.
  • Supply counts are checked every 10 seconds.